Map: Whispers of Gold

Players

Yasukinsan

  • Race: Zerg Zerg
  • League: Silver
  • Spawn Location: 5:00

wootwoot - Winner!

  • Race: Protoss Protoss
  • League: Silver
  • Spawn Location: 9:00

VOD

Have the link to the VOD?

Description

Time

  • Played on: April 1, 2025, 4:44 p.m.
  • Length: 4:27
Show
View Real Time Build Order
Export as new Build Order

Yasukinsan Zerg 

Build Orders: Pool Only 

Get SALT Encoding   

  12  0:12  Drone x2  
  14  0:18  Overlord  
  14  0:42  Spawning Pool  
  13  0:51  Extractor  
  13  0:53  Drone x3  
  15  1:28  Extractor  
  15  1:30  Drone x3  
  17  1:35  Queen  
  19  1:51  Metabolic Boost  
  19  1:55  Zergling x4  
  21  2:14  Roach Warren  
  20  2:15  Zergling x2  
  20  2:16  Zergling x2  
  21  2:37  Spine Crawler  
  21  2:41  Spine Crawler  
  17  2:55  Roach x2  
  17  2:57  Overlord  
  19  3:12  Zergling x6  
  22  3:30  Zergling x2  
  22  3:40  Roach  
  22  3:55  Roach x3  
  26  3:56  Roach  
Show
View Real Time Build Order
Export as new Build Order

wootwoot Protoss - Winner!

Build Orders:  

Get SALT Encoding   

  12  0:00  Probe  
  13  0:12  Probe  
  14  0:18  Pylon  
  14  0:24  Probe  
  15  0:32  Probe  
  15  0:39  Gateway  
  15  0:41  Probe  
  17  0:52  Probe  
  18  1:01  Gateway  
  18  1:04  Probe  
  18  1:08  Assimilator  
  19  1:12  Assimilator  
  19  1:16  Probe  
  20  1:27  Cybernetics Core  
  20  1:29  Probe  
  21  1:36  Pylon  
  21  1:41  Probe  
  22  1:53  Probe  
  22  1:54  Warp Gate  
  23  1:55  Adept x2  
  27  2:23  Adept x2  
  31  2:31  Gateway  
  31  2:36  Gateway  
  31  2:50  Pylon  
  31  2:52  Pylon  
  31  3:12  Pylon  
  31  3:42  Stalker x4  
  39  4:05  Stalker x3  
  39  4:06  Stalker  
Tags
 
Matchup
PvZ
Opening
Pool Only
Replay Pack
B2M-Replays
Spawn Locations
Cross Positions
Add a new tag
Caveats
  • Supply blocks, unpowered buildings, or Contaminate may cause inaccurate times.
  • Supply counts are checked every 10 seconds.